 Dungeon Crawl Stone Soup version 0.25-a0-404-gc1b5a34 (webtiles) character file.

Game seed: 12505463497302684912, levelgen mode: deterministic

81 Birdy the Ducker (level 4, 0/26 HPs)
             Began as a Vampire Gladiator on Jan 11, 2020.
             Slain by Sigmund
             ... wielding a +0 scythe
              (11 damage)
             ... on level 3 of the Dungeon.
             The game lasted 00:02:41 (910 turns).

Birdy the Ducker (Vampire Gladiator)                 Turns: 910, Time: 00:02:42

Health: 0/26       AC:  4    Str: 14    XL:     4   Next: 20%
Magic:  4/4        EV: 14    Int: 10    God:
Gold:   107        SH:  0    Dex: 15    Spells: 3/3 levels left

rFire    . . .     SeeInvis +     - Unarmed
rCold    + + .     Gourm    .   (no shield)
rNeg     + + +     Faith    .   a - +0 leather armour
rPois    ∞         Spirit   .   b - +0 helmet
rElec    .         Reflect  .   (no cloak)
rCorr    .         Harm     .   (no gloves)
MR       .....                  (no boots)
Stlth    ++++......             (no amulet)
HPRegen  0.00/turn              (no ring)
MPRegen  0.09/turn              (no ring)

@: bloodless, hasted, very quick
A: no food, fangs 3, see invisible, unbreathing
a: Bat Form, Revivify


You were on level 3 of the Dungeon.
You were bloodless.

You visited 1 branch of the dungeon, and saw 3 of its levels.

You collected 107 gold pieces.

Inventory:

Missiles
 c - 3 throwing nets (quivered)
Armour
 a - a +0 leather armour (worn)
 b - a +0 helmet (worn)
Jewellery
 n - a cursed ring of attention {unknown}
Scrolls
 e - a scroll of magic mapping {unknown}
 h - 2 scrolls of identify {unknown}
 j - a scroll of enchant weapon {unknown}
Potions
 f - 2 potions of curing {unknown}
 g - a potion of might {unknown}
 i - 2 potions of invisibility {unknown}
 k - a potion of heal wounds {unknown}
 l - 2 potions of mutation {unknown}
 m - a potion of lignification {unknown}


   Skills:
 - Level 2.0 Fighting
 - Level 1.5 Throwing
 * Level 1.4 Armour
 - Level 4.0 Dodging
 + Level 2.4 Stealth
 + Level 3.9 Unarmed Combat


You had 3 spell levels left.
You didn't know any spells.
Your spell library was empty.

Dungeon Overview and Level Annotations

Branches:
Dungeon (3/15)

Altars:

Annotations:
D:3 Sigmund


Innate Abilities, Weirdness & Mutations

You do not eat.
You do not regenerate when monsters are visible.
You are frail without blood (-20% HP).
You can heal yourself when you bite living creatures.
You are immune to poison.
You have razor-sharp teeth.
You have supernaturally acute eyesight. (SInv)
You can survive without breathing.


Message History

You resist with some effort.
Sigmund gestures wildly while chanting.
Sigmund flickers and vanishes for a moment.
Sigmund misses you.
You closely miss Sigmund. Your bite misses Sigmund. You hit Sigmund.
Sigmund is lightly wounded.
Sigmund hits you with a +0 scythe!
You are too injured to fight recklessly!
It was a potion of haste.
You feel yourself speed up. Sigmund closely misses you.
You hit Sigmund.
Sigmund is moderately wounded.
You closely miss Sigmund.
Sigmund is moderately wounded.
You hit Sigmund. Your bite misses Sigmund.
Sigmund is moderately wounded.
Sigmund screams, "Don't try to resist!"
Sigmund hits you with a +0 scythe!
You die...

##.# .##. ##.# .# ..
##.###.# . ##.....# #.
#####..# ## .### #
#..###.## ...#.##
#.......## ##.#.<...
#.#####..###.@..#.##
#.# #...#.@......#
###.#####..#.#.#.##..#
#...)........#.# #
#(#.#####........#
#.#.# ########## . #.#
## #.# #.. ###


You could see Sigmund (invisible).

Vanquished Creatures
  3 adders (D:2)
  An ooze (D:1)
  3 dart slugs (D:1)
  A leopard gecko (D:2)
  An orc (D:3)
  A giant cockroach (D:2)
  7 goblins
  9 hobgoblins
  A ball python (D:1)
  2 bats
  A frilled lizard (D:2)
  8 kobolds
  4 rats
42 creatures vanquished.

Notes
Turn   | Place    | Note
-------+----------+-------------------------------------------
     0 | D:1      | Birdy the Vampire Gladiator began the quest for the Orb.
     0 | D:1      | Reached XP level 1. HP: 16/16 MP: 1/1
    68 | D:1      | Reached skill level 1 in Stealth
    87 | D:1      | Reached XP level 2. HP: 22/22 MP: 2/2
   243 | D:1      | Reached XP level 3. HP: 18/27 MP: 3/3
   497 | D:2      | Reached skill level 1 in Armour
   649 | D:2      | Reached XP level 4. HP: 22/33 MP: 4/4
   651 | D:2      | Reached skill level 4 in Dodging
   900 | D:3      | Noticed Sigmund
   910 | D:3      | Slain by Sigmund

Levels and vault maps discovered:
D:1:      scummos_arrival_hexagon, layout_basic
D:2:      layout_rooms, minmay_bisected
D:3:      layout_loops_ring, lemuel_round_altar, first_ration, uniq_terence,
          uniq_sigmund, uniq_robin

Skill      XL: |  1  2  3  4 |
---------------+-------------+-----
Stealth        | 1 2 |  2.4
Fighting       | 2 |  2.0
Armour         | 1 |  1.4
Dodging        | 4 |  4.0
Throwing       | |  1.5
Unarmed Combat | |  3.9

Action                   |  1- 3 |  4- 6 || total
-------------------------+-------+-------++-------
Melee: Unarmed           |    99 |    39 ||   138
       Bite              |    13 |     3 ||    16
       Punch             |     1 |       ||     1
 Abil: Exsanguinate      |       |     1 ||     1
  Use: Potion            |       |     1 ||     1
 Stab: Sleeping          |       |     2 ||     2
Armor: Leather armour    |    23 |     8 ||    31
Dodge: Dodged            |    51 |    20 ||    71

Table legend:
 A = Non-vault XP
 B = Vault XP
 C = Vault XP percentage of total XP
 D = Non-vault monster count
 E = Vault monster count
 F = Vault count percentage of total count
                 A         B        C        D         E       F
            +---------+---------+-------+---------+---------+-------
      Total |     116 |       1 |   0.9 |      41 |       1 |   2.4
            +---------+---------+-------+---------+---------+-------
        D:1 |      44 |       0 |   0.0 |      20 |       0 |   0.0
        D:2 |      67 |       1 |   1.5 |      19 |       1 |   5.0
        D:3 |       5 |       0 |   0.0 |       2 |       0 |   0.0
            +---------+---------+-------+---------+---------+-------
